 Dungeon Crawl Stone Soup version 0.24-a0-537-g2d01d4ab0a (webtiles) character file.

Game seed: 8724979009031427010

177186 Ijustatesigmund the Warrior (level 18, 0/200 HPs)
             Began as an Ogre Fighter on Aug 14, 2019.
             Was the Champion of Okawaru.
             Slain by a shambling mangrove (22 damage)
             ... on level 2 of the Swamp on Aug 15, 2019.
             The game lasted 01:31:28 (34925 turns).

Ijustatesigmund the Warrior (Ogre Fighter)         Turns: 34925, Time: 01:31:29

Health: 0/200      AC: 20    Str: 25    XL:     18   Next: 16%
Magic:  29/29      EV:  4    Int: 11    God:    Okawaru [******]
Gold:   2825       SH: 26    Dex: 12    Spells: 17/17 levels left

rFire    + + .     SeeInvis +   a - +5 eveningstar of Koxojy {freeze, rElec rN+ Int+2}
rCold    + + .     Gourm    .   c - +4 large shield {reflect}
rNeg     + + .     Faith    .   Q - +1 gold dragon scales
rPois    +         Spirit   .   y - -2 hat of the Alchemist {rElec rPois rF+ rC+ rN+ MR+ rMut rCorr}
rElec    +         Reflect  +   s - +2 cloak
rCorr    +         Harm     .   (gloves unavailable)
rMut     +                      (boots unavailable)
MR       +++..                  L - +4 amulet of reflection
Stlth    ..........             j - +2 ring of evasion
HPRegen  0.43/turn              i - ring of see invisible
MPRegen  0.21/turn

@: grasped by roots, constricted
A: large, unfitting armour, repulsion field 1, clumsy 1, magic resistance 1,
tough skin 1
a: Heroism, Finesse, Renounce Religion


You were on level 2 of the Swamp.
You worshipped Okawaru.
Okawaru was exalted by your worship.
You were very hungry.

You visited 6 branches of the dungeon, and saw 25 of its levels.
You also visited: Ossuary, Bailey, Gauntlet and Volcano.

You collected 3291 gold pieces.
You spent 466 gold pieces at shops.

Inventory:

Hand Weapons
 a - the +5 eveningstar of Koxojy (weapon) {freeze, rElec rN+ Int+2}
   (You acquired it on level 4 of the Lair of Beasts)

   It has been specially enchanted to freeze those struck by it, causing extra
   injury to most foes and up to half again as much damage against particularly
   susceptible opponents.
   It can also slow down cold-blooded creatures.
   It affects your intelligence (+2).
   It insulates you from electricity.
   It protects you from negative energy.
 F - a +6 broad axe of freezing
Missiles
 H - 23 silver javelins
 N - 3 throwing nets
 W - 14 large rocks (quivered)
Armour
 b - a +0 troll leather armour
 c - a +4 large shield of reflection (worn)
 s - a +2 cloak (worn)
 u - +1 acid dragon scales
 y - the -2 hat of the Alchemist (worn) {rElec rPois rF+ rC+ rN+ MR+ rMut rCorr}
   (You found it on level 8 of the Dungeon)

   It protects you from fire.
   It protects you from cold.
   It insulates you from electricity.
   It protects you from poison.
   It protects you from negative energy.
   It affects your resistance to hostile enchantments.
   It provides partial protection from all sources of acid and corrosion.
   It protects you from mutation.
 Q - +1 gold dragon scales (worn)
 R - the +0 cloak of Negligence {-Cast -Tele rF+++ rCorr}
   (You found it in a Gauntlet)

   It renders you almost immune to fire.
   It prevents spellcasting.
   It prevents most forms of teleportation.
   It provides partial protection from all sources of acid and corrosion.
Jewellery
 i - a ring of see invisible (right hand)
 j - a +2 ring of evasion (left hand)
 o - a cursed -5 ring of evasion
 L - a +4 amulet of reflection (around neck)
 M - an uncursed ring of flight
 P - the amulet "Rasiuk" {Spirit rF+ Dex+6}
   (You found it in a Gauntlet)

   [amulet of guardian spirit]

   It causes incoming damage to be split between your health and magic.
   It affects your dexterity (+6).
   It protects you from fire.
 V - an uncursed ring of resist corrosion
Wands
 l - a wand of polymorph (5)
 m - a wand of flame (18)
 q - a wand of random effects (12)
 r - a wand of acid (8)
 w - a wand of digging (14)
 x - a wand of scattershot (3)
 J - a wand of clouds (4)
 K - a wand of disintegration (7)
 S - a wand of paralysis (6)
Scrolls
 d - 8 scrolls of identify
 g - 12 scrolls of remove curse
 k - a scroll of fog
 v - 2 scrolls of amnesia
 A - a scroll of immolation
 D - 3 scrolls of teleportation
 O - 2 scrolls of summoning
 T - a scroll of fear
 Y - a scroll of silence
Potions
 e - 2 potions of brilliance
 h - 4 potions of flight
 n - 13 potions of mutation
 p - 3 potions of lignification
 t - 3 potions of magic
 z - 2 potions of resistance
 B - a potion of heal wounds
 C - 5 potions of agility
 E - 4 potions of might
 G - 2 potions of haste
 I - a potion of curing
 U - 2 potions of invisibility
 X - 4 potions of berserk rage
Comestibles
 f - 26 rations


   Skills:
 + Level 17.1 Fighting
 + Level 14.1 Maces & Flails
 - Level 5.7 Throwing
 + Level 9.1 Armour
 - Level 7.0 Dodging
 - Level 9.2 Shields
 + Level 15.2 Invocations
 - Level 5.1 Evocations


You had 17 spell levels left.
You didn't know any spells.
Your spell library was empty.

Dungeon Overview and Level Annotations

Branches:
Dungeon (13/15)            Temple (1/1) D:7            Lair (6/6) D:8
  Swamp (2/4) Lair:3        Snake (1/4) Lair:3        Slime (0/5) Lair:5
    Orc (2/2) D:12            Elf (0/3) Orc:2
 Vaults: D:13-14

Altars:
Ashenzari
Cheibriados
Dithmenos
Elyvilon
Fedhas
Gozag
Hepliaklqana
Kikubaaqudgha
Makhleb
Nemelex Xobeh
Okawaru
Qazlal
Ru
Sif Muna
Trog
Uskayaw
Wu Jian
Xom
Yredelemnul
Zin
The Shining One
Beogh
Jiyva

Shops:
D:5 !   Orc:2 *[}}*


Innate Abilities, Weirdness & Mutations

You are too large for most types of armour.
You have tough skin. (AC +1)
You are surrounded by a mild repulsion field. (EV +2)
You are clumsy. (Dex -2)
You are resistant to hostile enchantments. (MR+)


Message History

Found a scroll of random uselessness.
A shambling mangrove comes into view.
The roots' grasp on you weakens, but your attempt to escape fails.
You feel a bit more experienced.
* * * LOW HITPOINT WARNING * * *
The grasping roots constrict you!
You feel much better.
You feel much better.
* * * LOW HITPOINT WARNING * * *
The grasping roots constrict you!
You bludgeon the shambling mangrove!! You freeze the shambling mangrove!
The shambling mangrove is heavily damaged.
You block the shambling mangrove's attack.
* * * LOW HITPOINT WARNING * * *
The grasping roots constrict you!
You sock the shambling mangrove! You freeze the shambling mangrove.
The shambling mangrove is heavily damaged.
The shambling mangrove hits you!
* * * LOW HITPOINT WARNING * * *
You die...

.≈.§ ♣♣..?
♣≈.≈≈. .§≈≈≈≈
.≈≈≈≈≈♣
.≈≈≈≈≈≈♣♣♣
..≈≈≈≈≈.≈♣♣
♣.≈≈≈≈f@..♣
≈..≈≈≈≈...♣
............♣
........≈....♣
...♣♣♣....≈≈≈.♣
.. ♣≈.≈.≈≈.≈♣
≈≈ § ♣♣.≈≈≈≈≈.♣
≈≈. ♣≈.≈≈≈≈.≈
≈≈≈.≈


You could see a shambling mangrove.

Vanquished Creatures
  Jorgrun (D:13)
  Frances (Swamp:1)
  Kirke (D:12)
  A dire elephant (Lair:6)
  A minotaur (Gauntlet)
  Josephine (D:13)
  12 hydras
  An anaconda (Snake:1)
  3 two-headed ogres (D:11)
  A centaur warrior (D:13)
  Erica (D:11)
  6 death yaks (Lair:6)
  3 alligators
  A catoblepas (Lair:6)
  A naga sharpshooter (Snake:1)
  Nergalle (Orc:1)
  A hell knight (Volcano)
  A salamander mystic (Volcano)
  4 skeletal warriors
  A glowing orange brain (Gauntlet)
  2 swamp dragons (Swamp:1)
  A naga ritualist (Snake:1)
  A spriggan druid (Swamp:2)
  A deep elf archer (D:13)
  2 lindwurms (Lair:6)
  2 orc knights
  4 oklob plants (Lair:5)
  13 orc sorcerers
  A wolf spider zombie (D:10)
  6 manticores
  3 mana vipers (Snake:1)
  A deep elf mage (D:12)
  5 ugly things
  4 slime creatures
  A faun (Lair:5)
  4 cyclopes
  A moth of wrath (Gauntlet)
  9 elephants (Lair:5)
  6 salamanders (Volcano)
  Joseph (D:8)
  Maurice (D:12)
  An ice statue (D:13)
  9 black mambas
  4 centaur zombies
  20 spiny frogs
  A gargoyle (D:11)
  4 komodo dragons
  A kobold demonologist (D:13)
  6 rime drakes
  2 hellwings (D:10)
  3 tyrant leeches
  Grinder (D:6)
  7 trolls
  9 polar bears (Lair:6)
  A bog body (Swamp:1)
  Prince Ribbit (D:8)
  6 dream sheep
  32 blink frogs
  2 raiju (Lair:6)
  9 hippogriffs
  2 hogs (D:12)
  A vampire (D:12)
  3 redbacks (Gauntlet)
  48 yaks
  A hungry ghost (D:11)
  7 basilisks
  A human (D:8)
  6 wyverns
  3 wraiths
  2 vampire mosquitoes (Swamp:1)
  11 wargs
  Menkaure (D:6)
  8 nagas
  An acid dragon (D:12)
  4 swamp worms
  5 insubstantial wisps (Swamp:1)
  15 water moccasins
  15 hell hounds (Lair:6)
  Duvessa (D:7)
  A hornet zombie (D:11)
  19 orc warriors
  13 porcupines
  3 swamp drakes (Swamp:1)
  2 ice beasts
  2 eyes of draining
  12 black bears
  46 wolves
  5 ogres
  4 phantoms
  3 necrophages
  5 centaurs
  13 crocodiles
  3 big kobolds
  17 bullfrogs
  2 wyvern zombies (D:10)
  Dowan (D:7)
  A wyvern skeleton (D:13)
  A water moccasin zombie (Ossuary)
  3 scorpions
  5 killer bees
  4 howler monkeys
  32 wights
  2 bullfrog zombies
  3 crimson imps
  3 quasits
  5 jellies
  18 orc priests
  Crazy Yiuf (D:5)
  9 centaur skeletons
  3 gnoll shamans (D:12)
  3 hounds
  50 orc wizards
  6 bullfrog skeletons
  7 iguanas
  15 worker ants
  A killer bee zombie (D:5)
  A big kobold zombie (Ossuary)
  3 mummies
  23 gnolls
  10 adders
  A howler monkey skeleton (D:4)
  9 shadow imps
  5 adder zombies
  2 oozes
  An adder skeleton (D:6)
  4 dart slugs
  5 worms (D:2)
  5 leopard geckos
  104 orcs
  6 giant cockroaches
  5 gnoll zombies
  13 goblins
  13 hobgoblins
  15 jackals
  3 quokkas
  4 ball pythons
  5 bats
  8 frilled lizards
  6 hobgoblin zombies (Ossuary)
  26 kobolds
  7 kobold zombies (Ossuary)
  7 orc zombies (Ossuary)
  8 rats
  3 plants
991 creatures vanquished.

Vanquished Creatures (others)
  2 tyrant leeches (Swamp:2)
  A swamp drake (Swamp:1)
  2 orc wizards (Orc:2)
  2 orcs
  9 fungi
  17 plants
  A withered plant (D:10)
34 creatures vanquished.

Grand Total: 1025 creatures vanquished

Notes
Turn   | Place    | Note
-------+----------+-------------------------------------------
     0 | D:1      | Ijustatesigmund the Ogre Fighter began the quest for the
                  | Orb.
     0 | D:1      | Reached XP level 1. HP: 24/24 MP: 1/1
   140 | D:1      | Reached XP level 2. HP: 22/32 MP: 2/2
   559 | D:1      | Reached XP level 3. HP: 17/40 MP: 3/3
   969 | D:1      | Gained mutation: You are surrounded by a mild repulsion
                  | field. (EV +2) [potion of mutation]
   969 | D:1      | Gained mutation: You are clumsy. (Dex -2) [potion of
                  | mutation]
   969 | D:1      | Gained mutation: You are resistant to hostile enchantments.
                  | (MR+) [potion of mutation]
  1288 | D:2      | Reached XP level 4. HP: 45/49 MP: 4/4
  1348 | D:2      | Reached skill level 5 in Fighting
  1820 | D:2      | Reached XP level 5. HP: 44/57 MP: 5/5
  2259 | D:3      | Found a shimmering blue altar of Sif Muna.
  2679 | D:3      | Reached XP level 6. HP: 53/67 MP: 6/6
  2759 | D:3      | Found a basalt altar of Yredelemnul.
  2853 | D:3      | Reached skill level 6 in Fighting
  3169 | D:4      | Noticed a phantom
  3431 | D:4      | Reached skill level 5 in Maces & Flails
  3658 | D:4      | Reached XP level 7. HP: 40/76 MP: 7/7
  4123 | D:4      | Found an opulent altar of Gozag.
  4209 | D:5      | Entered Level 5 of the Dungeon
  4258 | D:5      | Reached skill level 7 in Fighting
  4292 | D:5      | Found a glowing silver altar of Zin.
  4386 | D:5      | Noticed Eustachio
  4427 | D:6      | Reached XP level 8. HP: 73/87 MP: 8/8
  4491 | D:5      | Noticed Eustachio
  4491 | D:5      | Eustachio changed into Eustachio the porcupine
  4495 | D:5      | Killed Eustachio the porcupine
  4673 | D:5      | Found an ancient bone altar of Kikubaaqudgha.
  4926 | D:5      | Found Mofid's Distillery.
  4934 | D:5      | Bought a potion of curing for 33 gold pieces
  4934 | D:5      | Bought a potion of degeneration for 11 gold pieces
  4934 | D:5      | Bought a potion of heal wounds for 55 gold pieces
  4934 | D:5      | Bought a potion of mutation for 88 gold pieces
  5014 | D:5      | Found a runed translucent door.
  5015 | D:5      | Noticed Crazy Yiuf
  5024 | D:5      | Killed Crazy Yiuf
  5336 | D:6      | Reached skill level 8 in Fighting
  5380 | D:6      | Found a snail-covered altar of Cheibriados.
  5417 | D:6      | Noticed Grinder
  5429 | D:6      | Killed Grinder
  5581 | D:6      | Found a bloodstained altar of Trog.
  5582 | D:6      | Found an iron altar of Okawaru.
  5873 | D:6      | Found a shimmering altar of Xom.
  5876 | D:6      | Noticed Menkaure
  5884 | D:6      | Killed Menkaure
  5884 | D:6      | Reached XP level 9. HP: 20/97 MP: 9/9
  6260 | D:6      | Reached skill level 9 in Fighting
  6726 | D:7      | Found a staircase to the Ecumenical Temple.
  6812 | D:7      | Found a white marble altar of Elyvilon.
  6833 | D:7      | Noticed Duvessa
  6836 | D:7      | Noticed Dowan
  6840 | D:7      | Found a sand-covered staircase.
  6845 | Ossuary  | Entered an ossuary
  7328 | D:7      | Killed Duvessa
  7334 | D:7      | Killed Dowan
  7856 | D:8      | Noticed Prince Ribbit
  7864 | D:8      | Killed Prince Ribbit
  7864 | D:8      | Reached skill level 10 in Fighting
  8032 | D:8      | Found the -2 hat of the Alchemist {rElec rPois rF+ rC+ rN+
                  | MR+ rMut rCorr}
  8160 | D:8      | Found a staircase to the Lair.
  8547 | D:8      | Noticed Joseph
  8560 | D:8      | Killed Joseph
  8560 | D:8      | Reached skill level 10 in Maces & Flails
  8560 | D:8      | Reached XP level 10. HP: 110/111 MP: 10/10
  9624 | D:9      | Reached skill level 11 in Fighting
  9637 | D:10     | Entered Level 10 of the Dungeon
 10871 | Temple   | Entered the Ecumenical Temple
 11138 | D:6      | Became a worshipper of Warmaster Okawaru
 11279 | D:9      | Found a sacrificial altar of Ru.
 11379 | D:9      | Reached skill level 1 in Invocations
 11638 | D:9      | Found a sparkling altar of Nemelex Xobeh.
 11700 | D:9      | Reached * piety under Okawaru
 11963 | D:9      | Reached skill level 12 in Fighting
 11963 | D:9      | Reached XP level 11. HP: 70/123 MP: 11/13
 12410 | D:10     | Reached ** piety under Okawaru
 12505 | D:10     | Got an ebony whip
 12506 | D:10     | Identified the +3 whip of Zosa Heor {pain, Str+8} (You
                  | found it on level 10 of the Dungeon)
 12772 | D:10     | Reached *** piety under Okawaru
 12887 | D:10     | Noticed a cyclops
 12913 | D:10     | Killed a cyclops
 13060 | D:10     | Reached skill level 5 in Invocations
 13366 | D:10     | HP: 4/126 [large slime creature (30)]
 13368 | D:10     | Reached skill level 13 in Fighting
 13882 | D:11     | Noticed a two-headed ogre
 13891 | D:11     | Killed a two-headed ogre
 13900 | D:11     | Reached **** piety under Okawaru
 13991 | D:11     | Noticed Erica
 14000 | D:11     | Killed Erica
 14000 | D:11     | Reached XP level 12. HP: 136/136 MP: 13/16
 14041 | D:11     | Found a snail-covered altar of Cheibriados.
 14078 | D:11     | Reached skill level 1 in Throwing
 14426 | D:11     | Reached ***** piety under Okawaru
 14600 | D:11     | Noticed a two-headed ogre
 14606 | D:11     | Killed a two-headed ogre
 14965 | D:12     | Noticed a two-headed ogre
 14971 | D:12     | Received a gift from Okawaru
 15332 | D:11     | HP: 3/137 [two-headed ogre/+0 giant club (17)]
 15752 | D:11     | Reached skill level 14 in Fighting
 15796 | D:12     | Got a faintly glowing great mace {god gift}
 15807 | D:12     | Identified the +1 great mace "Nosyc" {drain, rElec MP+9}
                  | (Okawaru gifted it to you on level 12 of the Dungeon)
 16021 | D:11     | Killed a two-headed ogre
 17559 | D:12     | Reached XP level 13. HP: 125/148 MP: 19/19
 17654 | D:12     | Found a staircase to the Orcish Mines.
 18877 | D:12     | Reached skill level 5 in Throwing
 19441 | D:13     | Received a gift from Okawaru
 19516 | D:13     | Noticed Maurice
 19722 | D:12     | Received a gift from Okawaru
 19749 | D:13     | Noticed Kirke
 19750 | D:13     | Noticed a sphinx
 19771 | D:12     | Killed Maurice
 19771 | D:12     | Reached skill level 15 in Fighting
 19864 | D:12     | Killed Kirke
 19864 | D:12     | Reached skill level 1 in Armour
 20008 | D:13     | Noticed Josephine
 20081 | D:13     | Killed Josephine
 20511 | D:13     | Noticed Jorgrun
 20540 | D:13     | Killed Jorgrun
 20540 | D:13     | Reached skill level 5 in Dodging
 20540 | D:13     | Reached skill level 5 in Shields
 20553 | D:13     | Reached skill level 10 in Invocations
 20752 | D:13     | Reached XP level 14. HP: 110/159 MP: 21/21
 21121 | Orc:1    | Entered Level 1 of the Orcish Mines
 21172 | Orc:1    | Found a flagged portal.
 21181 | Bailey   | Entered a bailey
 21567 | Bailey   | Reached XP level 15. HP: 167/167 MP: 21/23
 22117 | Orc:1    | Noticed Nergalle
 22128 | Orc:1    | Killed Nergalle
 22391 | Orc:2    | Entered Level 2 of the Orcish Mines
 22409 | Orc:1    | Received a gift from Okawaru
 22729 | Orc:2    | Found a staircase to the Elven Halls.
 22930 | Orc:2    | Found Duhetyrghua's Gadget Shop.
 23055 | Orc:2    | Found Luramasa's Assorted Antiques.
 23071 | Orc:2    | Received a gift from Okawaru
 23134 | Orc:2    | Bought a shiny copper wand for 108 gold pieces
 23134 | Orc:2    | Bought a tiny diamond amulet for 135 gold pieces
 23144 | Orc:2    | Found Movin's Antique Armour Shop.
 23211 | Orc:2    | Reached skill level 1 in Evocations
 23337 | Orc:2    | Found Jamodghu's General Store.
 23337 | Orc:2    | Found Kitzask's Gadget Emporium.
 23513 | Orc:2    | Bought a scroll of teleportation for 36 gold pieces
 23523 | Orc:2    | Found a roughly hewn altar of Beogh.
 23582 | Orc:2    | Found a roughly hewn altar of Beogh.
 24085 | Lair:1   | Entered Level 1 of the Lair of Beasts
 24827 | Lair:2   | Found a gate leading to a gauntlet.
 24837 | Gauntlet | Entered a Gauntlet
 24837 | Gauntlet | Found a transporter.
 24837 | Gauntlet | Found a transporter.
 24838 | Gauntlet | Found a transporter.
 24848 | Gauntlet | Found a transporter.
 24858 | Gauntlet | Found a transporter.
 24874 | Gauntlet | Found a transporter.
 24876 | Gauntlet | Found a large runed translucent door.
 24877 | Gauntlet | Found a large runed translucent door.
 24878 | Gauntlet | Found a large runed translucent door.
 24878 | Gauntlet | Found a large runed translucent door.
 24878 | Gauntlet | Found a runed translucent door.
 24878 | Gauntlet | Found a runed translucent door.
 24879 | Gauntlet | Found a large runed translucent door.
 24880 | Gauntlet | Found a large runed translucent door.
 24881 | Gauntlet | Found a large runed translucent door.
 24881 | Gauntlet | Found a large runed translucent door.
 24882 | Gauntlet | Found a runed translucent gate.
 24882 | Gauntlet | Found a runed translucent gate.
 24882 | Gauntlet | Found a runed translucent gate.
 24884 | Gauntlet | Found a transporter.
 24894 | Gauntlet | Found a large runed translucent door.
 24894 | Gauntlet | Found a large runed translucent door.
 24895 | Gauntlet | Found a large runed translucent door.
 24896 | Gauntlet | Found a large runed translucent door.
 24900 | Gauntlet | Found a transporter.
 24906 | Gauntlet | Found a transporter.
 24920 | Gauntlet | Found a transporter.
 24940 | Gauntlet | Found a transporter.
 24944 | Gauntlet | Found a transporter.
 25007 | Gauntlet | Got a pitted ivory amulet
 25013 | Gauntlet | Identified the amulet "Rasiuk" {Spirit rF+ Dex+6} (You
                  | found it in a Gauntlet)
 25063 | Gauntlet | Identified the cursed +0 crystal plate armour of Kocoles
                  | {Int+4}
 25203 | Gauntlet | Reached XP level 16. HP: 176/176 MP: 25/25
 25252 | Gauntlet | Got a slimy cloak
 25264 | Gauntlet | Identified the +0 cloak of Negligence {-Cast -Tele rF+++
                  | rCorr} (You found it in a Gauntlet)
 26430 | Lair:3   | Found a staircase to the Snake Pit.
 26475 | Lair:3   | Reached skill level 5 in Armour
 27016 | Lair:3   | Reached skill level 5 in Evocations
 27029 | Lair:3   | Found a staircase to the Swamp.
 27901 | Lair:4   | Identified a scroll of acquirement
 27909 | Lair:4   | Got a crystal eveningstar
 27910 | Lair:4   | Identified the +5 eveningstar of Koxojy {freeze, rElec rN+
                  | Int+2} (You acquired it on level 4 of the Lair of Beasts)
 28959 | Lair:5   | Reached XP level 17. HP: 58/184 MP: 26/26
 29679 | Lair:5   | Received a gift from Okawaru
 29944 | Lair:5   | Found a staircase to the Slime Pits.
 29944 | Lair:5   | Found a viscous altar of Jiyva.
 30246 | Lair:6   | Entered Level 6 of the Lair of Beasts
 30357 | Lair:6   | Found a dark tunnel.
 30363 | Volcano  | Entered a volcano
 30677 | Lair:6   | Received a gift from Okawaru
 31141 | Lair:6   | Reached ****** piety under Okawaru
 31556 | Lair:5   | Received a gift from Okawaru
 31853 | Lair:5   | Identified the +4 giant club "Pucre" {pain, Str+3 SInv}
                  | (Okawaru gifted it to you on level 5 of the Lair of Beasts)
 31860 | Lair:6   | Reached skill level 16 in Fighting
 33444 | Snake:1  | Entered Level 1 of the Snake Pit
 33906 | Snake:1  | Received a gift from Okawaru
 33949 | Swamp:1  | Entered Level 1 of the Swamp
 33974 | Swamp:1  | Reached skill level 15 in Invocations
 33990 | Lair:3   | Reached XP level 18. HP: 105/198 MP: 29/29
 34331 | Swamp:1  | Reached skill level 17 in Fighting
 34612 | Swamp:1  | Noticed Frances
 34617 | Swamp:1  | Killed Frances
 34921 | Swamp:2  | HP: 4/200 [shambling mangrove (9)]
 34925 | Swamp:2  | Slain by a shambling mangrove

Levels and vault maps discovered:
D:1:      psy_arrival_radial01, layout_rooms, chequers_garden,
          minmay_hexomino_c4
D:2:      minmay_general_purpose_star, layout_rooms, first_ration
D:3:      layout_rooms, lemuel_zombie_altar_yredelemnul, lemuel_crystal_altar
D:4:      layout_rooms, lemuel_round_altar
D:5:      layout_basic, marbit_many_paths, kiku_gazebo_garden_becter,
          serial_shops, nicolae_shop_waterfront, minmay_misc_feat_room,
          uniq_crazy_yiuf_cottage, uniq_eustachio
D:6:      layout_basic, grunt_temple_overflow_bloody_war, kennysheep_little_box,
          kennysheep_slug_shrine, chequers_serial_rivers_micro_a,
          dk_noncrumbling_2, minmay_misc_feat_rows, uniq_menkaure, uniq_grinder
D:7:      layout_cave_pools, lemuel_crystal_altar, minmay_temple_entry_poolview,
          lightli_ossuary_entry_decrepit_ruins, uniq_duvessa
D:8:      layout_basic, dpeg_oklobed_lair, grunt_pizzeria, uniq_prince_ribbit1,
          uniq_joseph
D:9:      layout_stronghold, nemelex_xobeh_ov_fountains_minmay,
          nicolae_overflow_hidden_temple
D:10:     cheibrodos_grave_circle, layout_long_grid, serial_undead,
          serial_undead_f, serial_undead_c, serial_undead_d, serial_undead_c
D:11:     layout_loops_ring, basic_altar, uniq_erica
D:12:     kennysheep_seaside_town, layout_rooms, hiddenorc1_lemuel
D:13:     layout_cave_pools, fountainhead, nzn_random_ring, uniq_jorgrun,
          uniq_kirke, uniq_maurice, uniq_josephine
Temple:   grunt_temple_mini_profane
Lair:1:   layout_misc_corridors, beast_lair_carwin_3
Lair:2:   layout_long_grid, gauntlet_entry_generic, st_stairs_7
Lair:3:   layout_cave_pods, minmay_swamp_entry_reptiles,
          guppyfry_snake_entry_island, chequers_serial_rivers_room_b
Lair:4:   layout_regular_city, guppyfry_lair_drakes, grunt_megastairs_1
Lair:5:   layout_regular_city, slime_altar_1, chequers_serial_rivers_marsh,
          grunt_forest_large_clearings, minmay_lair_oklob_chamber
Lair:6:   hangedman_lair_in_review, layout_regular_city,
          hangedman_lair_caniforms_friends, enter_volcano_2, serial_forest,
          infiniplex_forest_pool, infiniplex_forest_lined_2,
          infiniplex_forest_lined_corner, infiniplex_forest_lined_corner,
          infiniplex_forest_straight_4, infiniplex_forest_clump_cross
Swamp:1:  layout_basic_swamp, serial_swamp_ruin, evilmike_swamp_ruin_house_6,
          evilmike_swamp_ruin_rubble_1, uniq_frances
Swamp:2:  layout_basic_swamp, evilmike_swamp_ruin_rubble_2
Snake:1:  cheibrodos_forgotten_conduit, layout_misc_corridors
Orc:1:    layout_caves, enter_bailey_2, uniq_nergalle
Orc:2:    st_orc_town, layout_diamond_mine, serial_shops, nicolae_shop_crystal,
          basic_altar

Skill      XL: |  1  2  3  4  5  6  7  8  9 10 11 12 13 14 15 16 17 18 |
---------------+-------------------------------------------------------+-----
Maces & Flails | 2 3 4 5 6 7 10 11 13 14 | 14.1
Fighting       | 5 6 7 8 10 12 13 14 15 16 17 | 17.1
Dodging        | 3 4 5 6 7 |  7.0
Shields        | 4 5 6 8 9 |  9.2
Invocations    | 2 6 8 10 12 13 15 | 15.2
Throwing       | 4 5 |  5.7
Armour         | 3 4 6 8 9 |  9.1
Evocations     | 4 5 |  5.1

Action                   |  1- 3 |  4- 6 |  7- 9 | 10-12 | 13-15 | 16-18 || total
-------------------------+-------+-------+-------+-------+-------+-------++-------
Melee: Flail             |    93 |   114 |       |       |       |       ||   207
       Morningstar       |       |   214 |   378 |   827 |   934 |   257 ||  2610
       Eveningstar       |       |       |       |       |       |   967 ||   967
Throw: Large rock        |       |       |       |    18 |    70 |    45 ||   133
       Javelin           |       |       |       |       |       |     1 ||     1
Invok: Heroism           |       |       |       |    13 |    14 |     3 ||    30
       Finesse           |       |       |       |       |     4 |     1 ||     5
Evoke: Wand              |       |       |    11 |    16 |    10 |     2 ||    39
  Use: Scroll            |     7 |     3 |    10 |     9 |     9 |    11 ||    49
       Potion            |     1 |     4 |     2 |    11 |     6 |     5 ||    29
 Stab: Sleeping          |       |       |       |     1 |       |     2 ||     3
       Petrified         |       |       |       |       |       |     5 ||     5
       Distracted        |       |       |       |       |       |     1 ||     1
       Confused          |       |       |       |       |       |     1 ||     1
  Eat: Chunk             |       |    10 |     8 |    19 |    15 |    21 ||    73
       Ration            |       |       |     2 |     4 |     3 |     3 ||    12
Armor: Robe              |    33 |    78 |    43 |    67 |     5 |       ||   226
       Troll leather arm |       |       |       |       |    78 |       ||    78
       Acid dragon scale |       |       |       |       |       |    72 ||    72
       Gold dragon scale |       |       |       |       |       |   231 ||   231
Dodge: Dodged            |    43 |   251 |   155 |   360 |   394 |   306 ||  1509
       Deflected         |       |       |       |       |    12 |       ||    12
Block: Shield            |    47 |   217 |   192 |   401 |   593 |       ||  1450
       Reflection        |       |       |       |       |     6 |    24 ||    30
       Large shield      |       |       |       |       |       |  1456 ||  1456

Table legend:
 A = Non-vault XP
 B = Vault XP
 C = Vault XP percentage of total XP
 D = Non-vault monster count
 E = Vault monster count
 F = Vault count percentage of total count
                 A         B        C        D         E       F
            +---------+---------+-------+---------+---------+-------
      Total |  106140 |   67807 |  39.0 |     633 |     359 |  36.2
            +---------+---------+-------+---------+---------+-------
        D:1 |      41 |       8 |  16.3 |      23 |       5 |  17.9
        D:2 |     135 |      10 |   6.9 |      32 |       4 |  11.1
        D:3 |     212 |       4 |   1.9 |      23 |       2 |   8.0
        D:4 |     486 |       0 |   0.0 |      11 |       0 |   0.0
        D:5 |     455 |     222 |  32.8 |      16 |       3 |  15.8
        D:6 |     765 |     474 |  38.3 |      20 |       4 |  16.7
        D:7 |     510 |     223 |  30.4 |      11 |       2 |  15.4
        D:8 |     459 |     945 |  67.3 |      14 |       3 |  17.6
        D:9 |    3805 |      12 |   0.3 |      43 |       1 |   2.3
       D:10 |    4488 |    3266 |  42.1 |      38 |      15 |  28.3
       D:11 |    9091 |     902 |   9.0 |      35 |       1 |   2.8
       D:12 |    9843 |    4711 |  32.4 |      62 |      45 |  42.1
       D:13 |    4455 |   10129 |  69.5 |      30 |      22 |  42.3
     Lair:1 |    4546 |     241 |   5.0 |      13 |       2 |  13.3
     Lair:2 |    4598 |     250 |   5.2 |      18 |       1 |   5.3
     Lair:3 |    5617 |    1710 |  23.3 |      28 |       8 |  22.2
     Lair:4 |    6520 |    1164 |  15.1 |      22 |       4 |  15.4
     Lair:5 |   14079 |    5916 |  29.6 |      51 |      28 |  35.4
     Lair:6 |   11227 |   19320 |  63.2 |      30 |      74 |  71.2
    Swamp:1 |    7357 |    2448 |  25.0 |      23 |       1 |   4.2
    Swamp:2 |    3659 |       0 |   0.0 |       8 |       0 |   0.0
    Snake:1 |    6119 |     287 |   4.5 |      13 |       2 |  13.3
      Orc:1 |    3467 |     804 |  18.8 |      36 |       1 |   2.7
      Orc:2 |    4206 |    6105 |  59.2 |      33 |      52 |  61.2
    Ossuary |       0 |     179 | 100.0 |       0 |      30 | 100.0
     Bailey |       0 |     347 | 100.0 |       0 |      34 | 100.0
    Volcano |       0 |    4541 | 100.0 |       0 |       8 | 100.0
   Gauntlet |       0 |    3589 | 100.0 |       0 |       7 | 100.0
            +---------+---------+-------+---------+---------+-------
